 Dungeon Crawl Stone Soup version 0.27.1-34-g3ba077fa99 (webtiles) character file.

Game seed: 13343696297678263591

10050 LLlMATKO the Fighter (level 11, -6/99 HPs)
             Began as a Minotaur Berserker on Jan 23, 2022.
             Was a High Priest of Trog.
             Mangled by an orc warrior (13 damage)
             ... led by an orc knight
             ... on level 10 of the Dungeon.
             The game lasted 00:12:31 (13695 turns).

LLlMATKO the Fighter (Minotaur Berserker)          Turns: 13695, Time: 00:12:32

Health: -6/99      AC: 18    Str: 22    XL:     11   Next: 31%
Magic:  10/10      EV: 10    Int:  4    God:    Trog [*****.]
Gold:   769        SH:  5    Dex: 13    Spells: 10/10 levels left

rFire    . . .     SeeInvis +   t - +7 flail of the Lame Duck {drain, Will+}
rCold    . . .     Faith    .   v - +0 buckler
rNeg     . . .     Spirit   .   L - +1 plate armour
rPois    .         Reflect  .   (helmet restricted)
rElec    .         Harm     .   (no cloak)
rCorr    .         Rampage  .   (no gloves)
Will     +....                  s - +2 pair of boots
Stlth    ..........             (no amulet)
HPRegen  0.26/turn              b - ring of see invisible
MPRegen  0.12/turn              y - ring of flight

@: on berserk cooldown, flying, slowed, very slow
A: horns 2, retaliatory headbutt
a: Renounce Religion, Berserk, Trog's Hand, Brothers in Arms


You were on level 10 of the Dungeon.
You worshipped Trog.
Trog was extremely pleased with you.
You visited 1 branch of the dungeon, and saw 10 of its levels.

You collected 769 gold pieces.

Inventory:

Hand Weapons
 h - a +0 hand crossbow
 t - the +7 flail of the Lame Duck (weapon) {drain, Will+}
   (You found it on level 5 of the Dungeon)

   A truly terrible weapon, it drains the life of any living foe it strikes.
   Will:      It increases your willpower.
 H - a +2 war axe of venom
Missiles
 a - 2 curare-tipped darts
 e - 9 boomerangs (quivered)
 C - 21 poisoned darts
Armour
 s - a +2 pair of boots (worn)
 v - a +0 buckler (worn)
 L - a +1 plate armour (worn)
Jewellery
 b - a ring of see invisible (left hand)
 q - a ring of fire
 y - a ring of flight (right hand)
 B - a +6 ring of dexterity
 E - a +4 ring of evasion
Wands
 u - a wand of flame (26)
 A - a wand of paralysis (13)
Scrolls
 d - 4 scrolls of identify
 g - a scroll of holy word {unknown}
 i - a scroll of torment {unknown}
 k - 3 scrolls of enchant weapon {unknown}
 l - 3 scrolls of enchant armour
 o - 2 scrolls of fear {unknown}
 w - a scroll of silence {unknown}
 z - 5 scrolls of teleportation {unknown}
 D - 3 scrolls of magic mapping {unknown}
 I - a scroll of immolation {unknown}
 J - 2 scrolls of amnesia {unknown}
 K - a scroll of brand weapon {unknown}
Potions
 c - a potion of heal wounds
 j - 3 potions of haste
 n - 2 potions of flight
 p - a potion of cancellation
 r - a potion of resistance
 x - a potion of might
 F - 5 potions of curing
 G - a potion of invisibility


   Skills:
 + Level 10.0 Fighting
 - Level 6.7(8.1) Axes
 + Level 7.0(8.3) Maces & Flails
 + Level 7.8 Crossbows
 + Level 9.5 Armour
 + Level 8.7 Dodging
 + Level 6.6 Shields


You had 10 spell levels left.
You didn't know any spells.
Your spell library was empty.

Dungeon Overview and Level Annotations

Branches:
Dungeon (10/15)            Temple (0/1) D:6
   Lair: D:8-11         Orc: D:9-12

Altars:
Ashenzari
Cheibriados
Gozag
Okawaru
Qazlal
Ru
Trog
Wu Jian
Yredelemnul
Zin

Shops:
D:4 :

Annotations:
D:10 Erolcha


Innate Abilities, Weirdness & Mutations

You have a pair of horns on your head.
You reflexively headbutt those who attack you in melee.


Message History

You sock the acid dragon!
You kill the acid dragon!
Trog accepts your kill.
You see here an acid dragon corpse.
An orc comes into view.
It is wielding a +0 trident of protection.
You feel a strong urge to attack something.
The orc moves out of view.
An orc warrior comes into view. It is wielding a +0 glaive.
You feel your anger nearly subside.
You are no longer berserk.
You are exhausted.
You feel yourself slow down.
An orc knight comes into view. It is wielding a +0 battleaxe.
The orc hits you but does no damage.
A warg comes into view.
The orc hits you from afar with a +0 trident of protection.
The orc warrior hits you with a +0 glaive!
An orc warrior comes into view. It is wielding a +0 battleaxe.
The orc knight hits you but does no damage.
The warg howls!
The orc warrior shouts!
You sock the orc warrior! Your headbutt misses the orc warrior.
The orc warrior is moderately wounded.
The orc hits you from afar with a +0 trident of protection.
* * * LOW HITPOINT WARNING * * *
The orc warrior completely misses you.
The orc knight roars a battlecry!
The orcs go into a battle-frenzy!
As you read the scroll labelled GAISMU CUNE, it crumbles to dust.
It is a scroll of enchant armour.
Your +0 plate armour glows green for a moment.
The orc barely misses you. The orc warrior closely misses you.
You furiously retaliate!
You headbutt the orc warrior.
The orc knight hits you with a +0 battleaxe!
* * * LOW HITPOINT WARNING * * *
The orc warrior hits you with a +0 glaive.
* * * LOW HITPOINT WARNING * * *
The orc hits you but does no damage.
The orc knight hits you with a +0 battleaxe.
* * * LOW HITPOINT WARNING * * *
The orc warrior hits you from afar with a +0 glaive!
You die...

#### #..###
#....# #†##.#
#..#... ##.###..#
#@# #<.#
####.#####.##
#..oo.......#
#...o...)......
#...............
#...............
#.............>.
.................
.#...............


You could see an orc knight, an orc warrior (strong) and an orc (strong).

Vanquished Creatures
  A two-headed ogre (D:9)
  Nergalle (D:10)
  2 cyclopes (D:8)
  4 centaur zombies
  Psyche (D:10)
  An unseen horror (D:5)
  2 trolls
  A hornet (D:7)
  13 yaks
  A wraith (D:9)
  2 steam dragons (D:7)
  Menkaure (D:5)
  2 water moccasins
  Edmund (D:4)
  Duvessa (D:5)
  An acid dragon (D:10)
  An ice beast (D:3)
  A black bear (D:7)
  4 orc warriors
  A sky beast (D:7)
  3 ogres
  2 necrophages
  3 centaurs
  2 kobold brigands
  5 scorpions
  Dowan (D:5)
  A gnoll sergeant (D:6)
  9 wights
  5 howler monkeys
  2 bullfrog zombies
  3 hounds
  6 orc priests
  5 jellies
  2 centaur skeletons
  5 iguanas
  6 orc wizards
  2 killer bee zombies
  A hound zombie (D:5)
  2 hound skeletons
  A mummy (D:5)
  4 gnolls
  2 howler monkey skeletons
  6 adders
  2 white imps (D:7)
  An ufetubus (D:7)
  2 worms
  4 dart slugs
  28 orcs
  6 ball pythons
  2 bats
  9 endoplasms
  7 giant cockroaches
  9 goblins
  5 hobgoblins
  9 jackals
  15 kobolds
  4 quokkas
  A frilled lizard (D:2)
  4 rats
228 creatures vanquished.

Notes
Turn   | Place    | Note
-------+----------+-------------------------------------------
     0 | D:1      | LLlMATKO the Minotaur Berserker began the quest for the
                  | Orb.
     0 | D:1      | Reached XP level 1. HP: 19/19 MP: 0/0
     1 | D:1      | Found a runed translucent door.
     2 | D:1      | Noticed a jelly
   256 | D:1      | Found a faded altar of an unknown god.
   289 | D:1      | Reached XP level 2. HP: 27/27 MP: 1/1
   878 | D:1      | Reached skill level 4 in Fighting
   952 | D:1      | Reached XP level 3. HP: 33/33 MP: 2/2
   954 | D:1      | Reached ** piety under Trog
   974 | D:1      | Reached XP level 4. HP: 5/41 MP: 3/3
  2642 | D:2      | Reached XP level 5. HP: 47/47 MP: 4/4
  2745 | D:3      | Found a stormy altar of Qazlal.
  3223 | D:3      | Noticed an ice beast
  3235 | D:3      | Killed an ice beast
  3236 | D:3      | Reached skill level 5 in Fighting
  3236 | D:3      | Reached skill level 1 in Crossbows
  3513 | D:3      | Reached skill level 5 in Axes
  3810 | D:3      | Found an opulent altar of Gozag.
  4061 | D:4      | Noticed Edmund
  4075 | D:4      | Killed Edmund
  4075 | D:4      | Reached *** piety under Trog
  4076 | D:4      | Reached XP level 6. HP: 35/56 MP: 5/5
  4383 | D:4      | Reached XP level 7. HP: 61/61 MP: 6/6
  4433 | D:4      | Found Tidohe's Book Boutique.
  5030 | D:4      | Found a basalt altar of Yredelemnul.
  5032 | D:4      | Found an iron altar of Okawaru.
  5213 | D:5      | Entered Level 5 of the Dungeon
  5237 | D:5      | Reached skill level 5 in Armour
  5548 | D:5      | Noticed Duvessa
  5549 | D:5      | Noticed Dowan
  5558 | D:5      | Killed Duvessa
  5559 | D:5      | Reached skill level 6 in Fighting
  5565 | D:5      | Killed Dowan
  5568 | D:5      | Reached skill level 5 in Dodging
  5571 | D:5      | HP: 3/63 [poisoned by Duvessa]
  5920 | D:5      | Found an ornate altar of the Wu Jian Council.
  5998 | D:5      | Found a snail-covered altar of Cheibriados.
  6040 | D:5      | Identified the +7 flail of the Lame Duck {drain, Will+}
  6148 | D:5      | Noticed Menkaure
  6154 | D:5      | Killed Menkaure
  6155 | D:5      | Reached XP level 8. HP: 71/71 MP: 7/7
  6180 | D:5      | Noticed an unseen horror
  6190 | D:5      | Killed an unseen horror
  6560 | D:5      | Found a glowing silver altar of Zin.
  6682 | D:6      | Reached skill level 1 in Maces & Flails
  6687 | D:6      | Reached skill level 7 in Fighting
  6814 | D:6      | Reached skill level 5 in Crossbows
  6814 | D:6      | Reached skill level 1 in Shields
  6814 | D:6      | Reached XP level 9. HP: 78/79 MP: 8/8
  7460 | D:6      | Found a staircase to the Ecumenical Temple.
  7518 | D:6      | Reached **** piety under Trog
  7760 | D:6      | Reached skill level 8 in Fighting
  8130 | D:6      | Found a staircase to the Ecumenical Temple.
  9476 | D:7      | Paralysed by a hornet for 2 turns
  9487 | D:7      | Reached XP level 10. HP: 45/90 MP: 9/9
 10284 | D:7      | Identified the +8 quarterstaff "Pipno" {vorpal, *Noise
                  | Fragile rC+++ SInv}
 10898 | D:8      | Noticed a cyclops
 10902 | D:8      | Noticed a cyclops
 10907 | D:8      | Killed a cyclops
 10908 | D:8      | Reached skill level 5 in Maces & Flails
 11097 | D:7      | Reached skill level 9 in Fighting
 11301 | D:8      | Killed a cyclops
 11302 | D:8      | Reached skill level 5 in Shields
 11638 | D:8      | Found a sacrificial altar of Ru.
 11645 | D:8      | Found a broken altar of Ashenzari.
 12143 | D:9      | Noticed a two-headed ogre
 12149 | D:9      | Killed a two-headed ogre
 12461 | D:9      | Reached ***** piety under Trog
 12492 | D:9      | Found a bloodstained altar of Trog.
 12609 | D:9      | Reached XP level 11. HP: 97/97 MP: 10/10
 13344 | D:10     | Entered Level 10 of the Dungeon
 13365 | D:10     | Noticed Nergalle
 13377 | D:10     | Killed Nergalle
 13428 | D:10     | Noticed Psyche
 13439 | D:10     | Killed Psyche
 13439 | D:10     | Noticed Erolcha
 13440 | D:10     | Reached skill level 10 in Fighting
 13692 | D:10     | Noticed an orc knight
 13695 | D:10     | Mangled by an orc warrior

Illustrated notes

Levels and vault maps discovered:
D:1:      dpeg_arrival_caged_fury, layout_basic, basic_ecumenical_altar,
          grunt_decor_resistance, minmay_misc_feat_diagonals
D:2:      layout_loops_ring
D:3:      layout_basic, mainiacjoe_overflow_chevrons, grunt_gozag_breadcrumbs
D:4:      layout_basic, nicolae_overflow_hidden_temple, serial_shops, shop,
          uniq_edmund
D:5:      layout_basic, slow_altar_1, lemuel_coloured_pillars_altar,
          amcnicky_altar_gilded, lemuel_old_faithful, uniq_menkaure,
          uniq_duvessa
D:6:      layout_cave_pods, minmay_temple_entry_tees, minmay_chambers_of_fives
D:7:      layout_loops_corners, minmay_joined_circles
D:8:      layout_gridville, amethyst_overflow_temple_binary, kb_rosetta
D:9:      layout_basic, mainiacjoe_overflow_paths
D:10:     layout_rooms, mainiacjoe_overflow_cross_hatched, lair_entry_dummy,
          chequers_serial_rivers_micro_d, uniq_psyche, uniq_erolcha,
          uniq_nergalle

Skill      XL: |  1  2  3  4  5  6  7  8  9 10 11 |
---------------+----------------------------------+-----
Fighting       | 4 5 6 7 8 9 10 | 10.0
Axes           | 4 5 6 |  6.7
Armour         | 3 4 5 6 7 9 |  9.5
Dodging        | 3 4 5 6 7 8 |  8.7
Crossbows      | 1 2 3 5 6 7 |  7.8
Maces & Flails | 2 4 6 7 |  7.0
Shields        | 1 4 6 |  6.6

Action                   |  1- 3 |  4- 6 |  7- 9 | 10-12 || total
-------------------------+-------+-------+-------+-------++-------
Melee: Hand axe          |    64 |   121 |    48 |       ||   233
       Headbutt          |     9 |    22 |    40 |    35 ||   106
       Flail             |       |       |   148 |   181 ||   329
Throw: Boomerang         |       |       |       |     3 ||     3
Invok: Berserk           |     1 |     5 |     6 |     8 ||    20
  Use: Scroll            |       |       |       |     9 ||     9
Armor: Animal skin       |     5 |    11 |       |       ||    16
       Ring mail         |       |     6 |    27 |       ||    33
       Chain mail        |       |       |    70 |    69 ||   139
       Plate armour      |       |       |       |    17 ||    17
Dodge: Dodged            |    36 |    77 |   121 |    92 ||   326
Block: Buckler           |       |       |    31 |    44 ||    75
